AoeStats
← piñácido

Arabia

508760314Analyzed
2v2 RM · 10d ago on Sep 23, 2026· 37m 53s· 4 players
Game mode
Random Map
Map size
Medium (4 player)
Population
200
Speed
Normal
Resources
Standard
Victory
Conquest
Starting age
Dark Age
Ending age
Imperial Age
RankedLock teamsTeams togetherTeam positionsShared explorationLock speedFull tech treeHidden civsTurbo modeCheats
Victory
Defeat
🇨🇱 Ethiopians · Chile
890
+12
🇨🇱 Sicilians · Chile
839
+14
🇨🇱 Franks · Chile
948
-47
🇨🇱 Goths · Chile
640
-9
p.lagosfr
1:14 Loom
10:30 Feudal Age
12:03 Double-Bit Axe
12:40 Horse Collar
18:34 Gold Mining
19:51 Wheelbarrow
19:38 Scale Barding Armor
19:46 Bloodlines
25:39 Castle Age
24:03 Stone Mining
25:51 Fletching
26:01 Padded Archer Armor
26:15 Forging
26:05 Scale Mail Armor
28:45 Squires
28:06 Pikeman
35:06 Anarchy
Ign4cio
7:26 Loom
10:26 Feudal Age
11:14 Double-Bit Axe
24:38 Scale Barding Armor
26:19 Forging
32:12 Castle Age
32:57 Husbandry
34:18 Iron Casting
Sebatun
8:32 Loom
12:00 Feudal Age
13:52 Horse Collar
16:48 Wheelbarrow
19:19 Castle Age
17:52 Forging
19:14 Fletching
19:25 Padded Archer Armor
26:17 Heavy Plow
27:59 Crossbowman
30:37 Thumb Ring
30:40 Double-Bit Axe
32:33 Leather Archer Armor
35:29 Caravan
37:37 Hand Cart
piñácido
10:45 Feudal Age
10:44 Loom
12:08 Double-Bit Axe
21:51 Horse Collar
25:08 Wheelbarrow
30:40 Castle Age
32:57 Forging
34:24 Pikeman
35:05 Squires
38:16 Hand Cart
Connection lost

Rejoining the realm…

Still unreachable

The connection could not be restored.

Session expired

The server has moved on; the page needs a fresh start.